 Dungeon Crawl Stone Soup version 0.26-a0-652-gafc20e3620 (webtiles) character file.

Game seed: 8066236756189858214

2935 robertstho the Thaumaturge (level 9, 0/47 HPs)
             Began as a Deep Elf Conjurer on Oct 2, 2020.
             Was a Follower of Sif Muna.
             Slain by a hellwing (12 damage)
             ... summoned by an orc high priest
             ... in a bailey.
             The game lasted 00:19:47 (7351 turns).

robertstho the Thaumaturge (Deep Elf Conjurer)      Turns: 7351, Time: 00:19:47

Health: 0/47       AC:  8    Str:  4    XL:     9   Next: 51%
Magic:  15/25      EV: 15    Int: 33    God:    Sif Muna [*.....]
Gold:   11         SH:  0    Dex: 16    Spells: 14/28 levels left

rFire    . . .     SeeInvis .   h - +1 dagger (speed)
rCold    . . .     Faith    .   (no shield)
rNeg     . . .     Spirit   .   a - +0 robe
rPois    .         Reflect  .   (no helmet)
rElec    .         Harm     .   (no cloak)
rCorr    .         Rampage  .   G - +1 pair of gloves {Dex+3}
MR       .....                  (no boots)
Stlth    +++.......             (no amulet)
HPRegen  0.15/turn              f - +4 ring of protection
MPRegen  0.19/turn              m - +6 ring of intelligence

@: no status effects
A: no striking features
a: Channel Magic, Renounce Religion


You were in a bailey.
You worshipped Sif Muna.
Sif Muna was aware of your devotion.
You visited 2 branches of the dungeon, and saw 8 of its levels.
You also visited: Sewer and Bailey.

You collected 409 gold pieces.
You spent 398 gold pieces at shops.

Inventory:

Hand Weapons
 b - a +0 mace
 h - a +1 dagger of speed (weapon)
 q - a +0 halberd
Missiles
 l - 19 poisoned darts (quivered)
Armour
 a - a +0 robe (worn)
 t - a +1 buckler of positive energy
 G - a +1 pair of gloves of dexterity (worn)
Jewellery
 f - a +4 ring of protection (left hand)
 m - a +6 ring of intelligence (right hand)
Wands
 D - a wand of flame (15)
 F - a wand of paralysis (6)
Scrolls
 d - 5 scrolls of immolation
 e - 7 scrolls of remove curse
 g - a scroll of blinking
 i - 2 scrolls of teleportation
 j - a scroll of random uselessness
 k - a scroll of enchant weapon
 p - 2 scrolls of fog
 r - a scroll of enchant armour {unknown}
 s - a scroll of amnesia {unknown}
 w - a scroll of magic mapping
 x - a scroll of fear {unknown}
 y - a scroll of noise {unknown}
 I - a scroll of silence {unknown}
Potions
 c - 3 potions of lignification
 n - 5 potions of curing
 o - a potion of resistance {unknown}
 u - a potion of might {unknown}
 v - a potion of flight {unknown}
 z - a potion of heal wounds {unknown}
 A - a potion of brilliance
 B - a potion of haste
 C - 2 potions of stabbing
 E - a potion of berserk rage
 H - a potion of mutation {unknown}


   Skills:
 + Level 1.4 Fighting
 + Level 2.4 Polearms
 + Level 4.5 Dodging
 + Level 5.7 Stealth
 * Level 10.2 Spellcasting
 * Level 9.6 Conjurations
 + Level 1.0 Hexes
 * Level 3.3 Invocations


You had 14 spell levels left.
You knew the following spells:

 Your Spells              Type           Power        Failure   Level
a - Magic Dart            Conj           ####         1%          1
b - Searing Ray           Conj           ######       1%          2
c - Dazzling Flash        Conj/Hex       ######       1%          3
d - Fulminant Prism       Conj/Hex       ######....   3%          4
e - Iskenderun's Mystic   Conj/Tloc      #####...     3%          4

Your spell library contained the following spells:

 Spells                   Type           Power        Failure   Level
 Animate Skeleton         Necr           ###...       2%          1
 Pain                     Necr           ###.         2%          1
 Vampiric Draining        Necr           ###.......   9%          3
 Animate Dead             Necr           ###.......   28%         4
 Agony                    Necr           ###.....     61%         5


Dungeon Overview and Level Annotations

Branches:
Dungeon (7/15)             Temple (1/1) D:5           Sewer (visited)
 Bailey (1/1)

Altars:
Cheibriados
Dithmenos
Kikubaaqudgha
Makhleb
Nemelex Xobeh
Qazlal
Ru
Sif Muna
Trog
Wu Jian
Xom
Yredelemnul
Zin
The Shining One

Shops:
D:5 *   D:7 *

Annotations:
D:6 1 runed translucent door, GoodGuyCap's ghost, amateur HuNe


Message History

The searing ray hits the orc knight!
The orc knight is almost dead.
The searing ray hits the hellwing!
The hellwing is lightly wounded.
You finish channeling your searing ray.
The hellwing swoops through the air toward you!
The hellwing barely misses you. The hellwing closely misses you.
The orc knight hits you with a +0 broad axe!!
Ouch! That really hurt!
* * * LOW HITPOINT WARNING * * *
Casting: Searing Ray (safe; 1% risk of failure)
Confirm with . or Enter, or press ? or * to list all spells.
Aiming: Searing Ray (safe; 1% risk of failure)
Press: ? - help, Shift-Dir - straight line, f/p - orc knight
Aim: an orc knight, wielding a +0 broad axe and wearing a +0 ring mail (almost dead)
The searing ray hits the orc knight!
The orc knight is almost dead. (Press . to maintain the ray.)
The hellwing hits you!
You die...

≈≈≈≈≈# ≈≈≈≈≈#
≈≈≈≈≈## ≈≈≈≈≈≈.
######.≈≈≈≈≈.
#......≈≈≈≈≈.
###......≈≈≈≈≈.
#.......)......
#4@o∩..))3.....
#.......)......
###......≈≈≈≈≈.
#......≈≈≈≈≈.
######.≈≈≈≈≈.
≈≈≈≈≈≈ ≈≈≈≈≈ ≈≈


You could see an orc knight, a hellwing (summoned) and a smoke demon (summoned).

Vanquished Creatures
  A kobold demonologist (Bailey)
  Menkaure (D:6)
  Duvessa (D:7)
  A water moccasin (D:5)
  Purgy (Sewer)
  A black bear (D:6)
  4 ogres
  3 centaurs
  3 bullfrogs
  Dowan (D:7)
  5 scorpions
  A vampire bat (D:3)
  5 wights (D:6)
  2 electric eels (Bailey)
  6 orc priests
  2 jellies
  2 hounds
  An iguana (D:5)
  4 orc wizards
  A centaur skeleton (D:6)
  A worker ant (D:4)
  Terence (D:2)
  5 gnolls
  10 adders
  A shadow imp (D:7)
  3 ufetubi
  An adder zombie (D:5)
  An ooze (D:2)
  An adder skeleton (D:5)
  2 worms (D:2)
  A dart slug (D:1)
  2 leopard geckos
  17 orcs
  2 bat skeletons (D:3)
  3 bat zombies (D:3)
  10 giant cockroaches
  12 goblins
  12 hobgoblins
  3 quokkas (D:5)
  A ball python (D:7)
  11 bats
  2 frilled lizards
  3 kobolds
  A leopard gecko skeleton (D:7)
  11 rats
163 creatures vanquished.

Vanquished Creatures (others)
  23 fulminant prisms
  9 plants (D:4)
  2 withered plants (D:6)
34 creatures vanquished.

Grand Total: 197 creatures vanquished

Notes
Turn   | Place    | Note
-------+----------+-------------------------------------------
     0 | D:1      | robertstho the Deep Elf Conjurer began the quest for the
                  | Orb.
     0 | D:1      | Reached XP level 1. HP: 10/10 MP: 6/6
   174 | D:1      | Reached XP level 2. HP: 15/15 MP: 1/8
   183 | D:1      | Learned a level 2 spell: Searing Ray
   536 | D:1      | Reached skill level 5 in Conjurations
   932 | D:2      | Reached XP level 3. HP: 19/19 MP: 7/10
  1015 | D:2      | Noticed Terence
  1022 | D:2      | Killed Terence
  1067 | D:2      | Reached XP level 4. HP: 24/24 MP: 6/11
  1268 | D:2      | Reached skill level 4 in Spellcasting
  1541 | D:2      | Reached XP level 5. HP: 28/28 MP: 5/13
  1632 | D:2      | Found a basalt altar of Yredelemnul.
  2543 | D:3      | Reached skill level 5 in Spellcasting
  2847 | D:3      | Found an ancient bone altar of Kikubaaqudgha.
  2850 | D:3      | Reached XP level 6. HP: 32/32 MP: 10/16
  3153 | D:4      | Learned a level 3 spell: Dazzling Flash
  3158 | D:4      | Learned a level 4 spell: Fulminant Prism
  3163 | D:4      | Learned a level 4 spell: Iskenderun's Mystic Blast
  3242 | D:4      | Reached skill level 6 in Spellcasting
  3466 | D:4      | Found a glowing drain.
  3470 | Sewer    | Entered a sewer
  3524 | Sewer    | Noticed Purgy
  3531 | Sewer    | Killed Purgy
  3531 | Sewer    | Reached XP level 7. HP: 36/36 MP: 12/18
  3936 | D:5      | Entered Level 5 of the Dungeon
  4014 | D:5      | Reached skill level 7 in Spellcasting
  4159 | D:5      | Reached skill level 1 in Polearms
  4275 | D:5      | Found a staircase to the Ecumenical Temple.
  4299 | Temple   | Entered the Ecumenical Temple
  4437 | Temple   | Became a worshipper of Sif Muna the Loreminder
  4555 | D:5      | Reached skill level 8 in Spellcasting
  4706 | D:5      | Reached XP level 8. HP: 42/42 MP: 18/22
  4866 | D:5      | Found Qischocs's General Store.
  4869 | D:5      | Bought a +1 pair of gloves of dexterity for 247 gold pieces
  5591 | D:6      | Reached skill level 5 in Stealth
  5642 | D:6      | Reached skill level 1 in Invocations
  5886 | D:6      | Found a runed translucent door.
  5886 | D:6      | Noticed GoodGuyCap's ghost (amateur HuNe)
  5977 | D:6      | Reached skill level 9 in Spellcasting
  6100 | D:6      | Reached * piety under Sif Muna
  6149 | D:6      | Noticed Menkaure
  6155 | D:6      | Killed Menkaure
  6310 | D:6      | Reached skill level 1 in Fighting
  6344 | D:6      | Reached XP level 9. HP: 47/47 MP: 16/24
  6592 | D:7      | Found a glowing silver altar of Zin.
  6760 | D:7      | Found Gyicoe's Assorted Antiques.
  6773 | D:7      | Bought a scroll of identify for 62 gold pieces
  6773 | D:7      | Bought a scroll labeled FYOGOW RICUSO for 31 gold pieces
  6773 | D:7      | Bought a scroll labeled KYTEDY ISEPHEGG for 31 gold pieces
  6773 | D:7      | Bought a bubbling black potion for 27 gold pieces
  6774 | D:7      | Noticed Dowan
  6776 | D:7      | Noticed Duvessa
  6780 | D:7      | Killed Dowan
  6787 | D:7      | Killed Duvessa
  6917 | D:7      | Found a flagged portal.
  6926 | Bailey   | Entered a bailey
  7300 | Bailey   | Noticed a kobold demonologist
  7304 | Bailey   | Noticed an ice devil
  7308 | Bailey   | Killed a kobold demonologist
  7308 | Bailey   | Reached skill level 10 in Spellcasting
  7333 | Bailey   | Reached skill level 1 in Hexes
  7340 | Bailey   | Noticed an orc knight
  7345 | Bailey   | Noticed a hellwing
  7350 | Bailey   | Noticed a smoke demon
  7351 | Bailey   | Slain by a hellwing

Illustrated notes

Levels and vault maps discovered:
D:1:      dpeg_arrival_refuge, layout_basic, hex_medium
D:2:      layout_rooms, lemuel_coloured_pillars_altar, minmay_distorted,
          uniq_terence
D:3:      layout_basic, kennysheep_vampire_church
D:4:      layout_rooms, gup_sewer_entry_bowl, serial_forest,
          infiniplex_forest_clump_small, infiniplex_forest_lined_2,
          infiniplex_forest_clump_C, infiniplex_forest_straight_2,
          infiniplex_forest_lined_corner, infiniplex_forest_end_double,
          infiniplex_forest_clump_small, infiniplex_forest_corner_1,
          infiniplex_forest_clump_small
D:5:      layout_basic, minmay_temple_entry_hall, serial_shops,
          nicolae_shop_behind_doors
D:6:      layout_loops_ring, gammafunk_ghost_grave, uniq_menkaure
D:7:      layout_rooms, enter_bailey_2, serial_shops, nicolae_shop_crystal,
          kennysheep_flooded_box, nicolae_tso_carved_into_rock, uniq_duvessa
Temple:   regret_index_temple_sphere_string
Bailey:   bailey_axe_of_yendor_kennysheep, bailey

Skill      XL: |  1  2  3  4  5  6  7  8  9 |
---------------+----------------------------+-----
Conjurations   | 5 6 7 8 9 |  9.6
Stealth        | 3 4 5 |  5.7
Spellcasting   | 4 5 6 8 9 10 | 10.2
Dodging        | 3 4 |  4.5
Polearms       | 1 2 |  2.4
Invocations    | 2 3 |  3.3
Fighting       | 1 |  1.4
Hexes          | 1 |  1.0

Action                   |  1- 3 |  4- 6 |  7- 9 || total
-------------------------+-------+-------+-------++-------
Melee: Halberd           |       |    19 |    25 ||    44
 Cast: Magic Dart        |    40 |    44 |    16 ||   100
       Searing Ray       |     3 |    32 |    43 ||    78
       Fulminant Prism   |       |       |    23 ||    23
Invok: Channel Magic     |       |       |     2 ||     2
  Use: Scroll            |       |       |    14 ||    14
 Stab: Sleeping          |       |     1 |     2 ||     3
Armor: Robe              |     1 |    33 |    15 ||    49
Dodge: Dodged            |       |    45 |    42 ||    87

Table legend: (Time is in decaauts)
 A = Elapsed time spent in this place.
 B = Non-inter-level travel time spent in this place.
 C = Inter-level travel time spent in this place.
 D = Time resting spent in this place.
 E = Time spent auto-exploring this place.
 F = Levels seen in this place.
 G = Mean time per level.
                   A        B        C        D        E       F      G
               +--------+--------+--------+--------+--------+-----+--------+
         Total |   7377 |   6961 |    416 |   1676 |   4399 |  10 |  737.7 |
       Dungeon |   6639 |   6283 |    356 |   1292 |   4185 |   7 |  948.4 |
        Temple |    160 |    101 |     59 |      0 |    100 |   1 |  160.0 |
         Sewer |    152 |    152 |      0 |     36 |     90 |   1 |  152.0 |
        Bailey |    424 |    424 |      0 |    348 |     24 |   1 |  424.0 |
               +--------+--------+--------+--------+--------+-----+--------+

Top non-repeatable levels by time:
     D:5: 1496 daAuts
     D:3: 1312 daAuts
     D:6: 946 daAuts
     D:1: 923 daAuts
     D:2: 900 daAuts
     D:4: 662 daAuts
  Bailey: 424 daAuts
     D:7: 398 daAuts
  Temple: 160 daAuts
   Sewer: 152 daAuts
